 Dungeon Crawl Stone Soup version 0.31-a0-217-g58bb5d79cf (webtiles) character file.

Game seed: 9347188452302553402

746 qw the Skirmisher (level 7, -1/53 (61) HPs)
             Began as a Minotaur Hexslinger on July 2, 2023.
             Slain by a hell rat (14 damage)
             ... in a sewer.
             The game lasted 00:01:27 (3035 turns).

qw the Skirmisher (Minotaur Hexslinger)             Turns: 3035, Time: 00:01:28

HP:   -1/53 (61)    AC:  6    Str: 12    XL:     7   Next: 48%
MP:   7/7           EV: 11    Int: 10    God:
Gold: 236           SH:  0    Dex: 15    Spells: 7/8 levels left

rFire   . . .        Y - +2 sling
rCold   + . .        (no shield)
rNeg    . . .        e - +0 ring mail
rPois   .            (helmet restricted)
rElec   .            (no cloak)
rCorr   .            f - +0 pair of gloves
SInv    .            (no boots)
Will    .....        i - amulet of regeneration
Stlth   +            g - ring of protection from cold
HPRegen 1.08/turn    (no ring)
MPRegen 0.10/turn

%: no passive effects
@: heavily drained
A: horns 2, retaliatory headbutt
a: no special abilities


You were in a sewer.
You visited 1 branch of the dungeon, and saw 5 of its levels.
You also visited: Sewer.

You collected 236 gold pieces.


Innate Abilities, Weirdness & Mutations

You have a pair of horns on your head.
You reflexively headbutt those who attack you in melee.


   Skills:
 - Level 5.0 Fighting
 - Level 8.1 Ranged Weapons
 + Level 0.7 Armour
 - Level 2.2 Dodging
 - Level 1.0 Spellcasting
 - Level 2.0 Hexes


You had 7 spell levels left.
You knew the following spells:

 Your Spells              Type           Power      Damage    Failure   Level
a - Slow                  Hex            16%        N/A       34%         1

Your spell library contained the following spells:

 Spells                   Type           Power      Damage    Failure   Level
 Inner Flame              Hex/Fire       2%         N/A       83%         3
 Portal Projectile        Hex/Tloc       4%         N/A       83%         3
 Cause Fear               Hex            2%         N/A       98%         4

Inventory:

Hand Weapons
 Y - a +2 sling (weapon)
Armour
 e - a +0 ring mail (worn)
 f - a +0 pair of gloves (worn)
Jewellery
 g - a ring of protection from cold (left hand)
 i - an amulet of regeneration (around neck)
Scrolls
 b - a scroll of identify
Potions
 c - a potion of invisibility {unknown}
 d - 2 potions of curing
 j - a potion of resistance

Dungeon Overview and Level Annotations

Branches:
Dungeon (5/15)              Sewer (1/1)
 Temple: D:4-7

Altars:
Elyvilon
Vehumet


Message History

The river rat bites you but does no damage.
You shoot a sling bullet.
The sling bullet hits the river rat but does no damage.
The river rat is severely wounded.
The river rat barely misses you.
You shoot a sling bullet. The sling bullet hits the river rat.
You kill the river rat!
You enter the shallow water.
Moving in this stuff is going to be slow.
You open the door.
A hell rat comes into view.
The hell rat roars deafeningly!
Found seven items.
Found a gate leading back out of this place.
You shoot a sling bullet.
The sling bullet barely misses the hell rat.
You shoot a sling bullet.
The sling bullet hits the hell rat but does no damage.
You shoot a sling bullet.
The sling bullet closely misses the hell rat.
The hell rat bites you but does no damage.
The hell rat misses you.
You shoot a sling bullet.
The sling bullet barely misses the hell rat.
The hell rat bites you!
You feel drained.
You shoot a sling bullet. The sling bullet hits the hell rat.
The hell rat is moderately wounded.
The hell rat bites you!
You feel drained.
You shoot a sling bullet. The sling bullet hits the hell rat!
The hell rat is severely wounded.
The hell rat bites you! x2; You feel drained.
You shoot a sling bullet.
The sling bullet hits the hell rat but does no damage.
The hell rat is severely wounded.
The hell rat bites you but does no damage.
You shoot a sling bullet.
The sling bullet hits the hell rat but does no damage.
The hell rat is severely wounded.
The hell rat bites you!
You feel drained. The hell rat bites you!
You die...

#########
###.~.~...###
###.~~..@~~.~~#
#~~.~.##r##.~~..
##~~~###~~~ ~~.
#~~.## ~~~~~ ~
#~~.# ~~~~~~~ ~
#.~.##.!!!?!.# ~.
##..~###!\!###.~~
#.....#####~~..~
###~....\.~~.~#


You could see a hell rat.

Vanquished Creatures
  A water moccasin (D:4)
  2 black bears
  An ogre (D:4)
  2 scorpions
  A jelly (D:3)
  2 orc priests
  An iguana (D:5)
  4 adders
  A river rat (Sewer)
  An ufetubus (D:4)
  2 worms (D:5)
  11 orcs
  5 bats
  7 endoplasms
  2 giant cockroaches
  7 goblins
  8 hobgoblins
  2 jackals (D:3)
  8 kobolds
  5 quokkas
  7 ball pythons
  7 frilled lizards
  8 rats
95 creatures vanquished.

Notes
Turn   | Place    | Note
-------+----------+-------------------------------------------
     0 | D:1      | qw the Minotaur Hexslinger began the quest for the Orb.
     0 | D:1      | Reached XP level 1. HP: 16/16 MP: 1/1
     0 | D:1      | 0 ||| qw: Version: 0.3-a-40-ge99b1a8
     0 | D:1      | 0 ||| qw: Game counter: 137
     0 | D:1      | 0 ||| qw: Melee chars always use a shield: true
     0 | D:1      | 0 ||| qw: God list: Okawaru
     0 | D:1      | 0 ||| qw: Allow faded altars: false
     0 | D:1      | 0 ||| qw: Do Orc after clearing Dungeon:15 true
     0 | D:1      | 0 ||| qw: Do second Lair branch before Depths: true
     0 | D:1      | 0 ||| qw: Lair rune preference: random
     0 | D:1      | 0 ||| qw: Goals: Normal
     0 | D:1      | 0 ||| PLANNING D:1-11
   238 | D:1      | Reached skill level 3 in Ranged Weapons
   238 | D:1      | Reached XP level 2. HP: 23/23 MP: 2/2
   757 | D:1      | 757 ||| UPGRADING to amulet of regeneration.
   762 | D:1      | 762 ||| READING scroll labelled QEUSCH XECUSKU.
   763 | D:1      | 763 ||| READING scroll labelled QUSORR ZIWEQY.
   766 | D:1      | 766 ||| READING scroll labelled HOACIT BUGI.
   767 | D:1      | 767 ||| READING scroll labelled DAURUC HAIHUOKEKK.
   768 | D:1      | 768 ||| DRINKING 2 bubbling purple potions.
   769 | D:1      | 769 ||| DRINKING 2 red potions.
   770 | D:1      | 770 ||| DROPPING scroll of poison.
  1192 | D:2      | Reached XP level 3. HP: 29/29 MP: 3/3
  1295 | D:2      | 1295 ||| UPGRADING to +0 leather armour.
  1305 | D:2      | 1305 ||| DROPPING +0 robe.
  1378 | D:3      | Reached skill level 4 in Ranged Weapons
  1428 | D:3      | Reached XP level 4. HP: 36/36 MP: 4/4
  1490 | D:3      | Found a radiant altar of Vehumet.
  1649 | D:3      | 1649 ||| READING scroll labelled HAEVEGHERO.
  1650 | D:3      | 1650 ||| READING scroll labelled XETODGH IB ERGH.
  1651 | D:3      | 1651 ||| DRINKING 2 emerald potions.
  1962 | D:4      | Noticed a water moccasin
  1975 | D:4      | Killed a water moccasin
  1976 | D:4      | Reached skill level 6 in Ranged Weapons
  1976 | D:4      | Reached XP level 5. HP: 22/41 MP: 5/5
  2030 | D:4      | Noticed an ogre
  2033 | D:4      | 2033 ||| Stepping ~*~*~tactically~*~*~ (outnumbered).
  2050 | D:4      | Killed an ogre
  2051 | D:4      | Reached XP level 6. HP: 52/52 MP: 6/6
  2115 | D:4      | Found a white marble altar of Elyvilon.
  2576 | D:4      | 2576 ||| UPGRADING to ring of protection from cold.
  2577 | D:4      | 2577 ||| READING scroll labelled MOSEOTZ UFAD.
  2578 | D:4      | 2578 ||| READING scroll labelled ENATUA ADOJO.
  2579 | D:4      | 2579 ||| READING 2 scrolls of identify.
  2579 | D:4      | 2579 ||| IDENTIFYING green potion
  2580 | D:4      | 2580 ||| DROPPING potion of attraction.
  2628 | D:5      | Entered Level 5 of the Dungeon
  2629 | D:5      | 2629 ||| PLANNING SEWER
  2635 | D:5      | 2635 ||| STAIRDANCE
  2649 | D:4      | HP: 12/52 [scorpion (5)]
  2650 | D:4      | 2650 ||| DRINKING potion of heal wounds.
  2654 | D:4      | Reached skill level 7 in Ranged Weapons
  2677 | D:5      | 2677 ||| STAIRDANCE
  2693 | D:5      | 2693 ||| STAIRDANCE
  2701 | D:4      | HP: 13/52 [orc priest/nerve-wracking pain (4)]
  2702 | D:4      | HP: 5/52 [orc priest/divine providence (9)]
  2797 | D:5      | Reached XP level 7. HP: 41/59 MP: 7/7
  2855 | D:5      | Reached skill level 8 in Ranged Weapons
  2883 | D:5      | 2883 ||| FLEEEEING.
  2884 | D:5      | 2884 ||| FLEEEEING.
  2885 | D:5      | 2885 ||| FLEEEEING.
  2893 | D:5      | 2893 ||| STAIRDANCE
  2957 | D:5      | Found a glowing drain.
  2959 | D:5      | 2959 ||| UPGRADING to +0 ring mail.
  2969 | D:5      | 2969 ||| DROPPING +0 leather armour.
  2970 | D:5      | 2970 ||| UPGRADING to +0 pair of gloves.
  2987 | Sewer    | Entered a sewer
  3007 | Sewer    | 3007 ||| Stepping ~*~*~tactically~*~*~ (water).
  3014 | Sewer    | 3014 ||| Stepping ~*~*~tactically~*~*~ (water).
  3035 | Sewer    | HP: 13/53 [hell rat (1)]
  3035 | Sewer    | Slain by a hell rat

Levels and vault maps discovered:
D:1:      heliophobic_arrival_enchanted_forest, layout_loops_ring,
          minmay_pentomino_t2
D:2:      layout_loops_ring
D:3:      cheibrodos_old_hovel, layout_basic, overflow_temple_1_default
D:4:      layout_loops_cross, elyvilon_altar_3, chequers_serial_rivers_room_b,
          st_stairs_10, nicolae_letterblocks [nicolae_letter_subblock,
          nicolae_letter_subblock, nicolae_letter_subblock,
          nicolae_letter_subblock, nicolae_letter_subblock,
          nicolae_letter_subblock, nicolae_letter_subblock,
          nicolae_letter_subblock, nicolae_letter_subblock,
          nicolae_letter_subblock, nicolae_letter_subblock,
          nicolae_letter_subblock, nicolae_letter_subblock,
          nicolae_letter_subblock, nicolae_letter_subblock,
          nicolae_letter_subblock, nicolae_letter_subblock,
          nicolae_letter_subblock, nicolae_letter_subblock,
          nicolae_letter_subblock, nicolae_letter_subblock,
          nicolae_letter_subblock, nicolae_letter_subblock,
          nicolae_letter_subblock, nicolae_letter_subblock]
D:5:      layout_cave_pools, minmay_temple_entry_drinking_statues,
          cheibrodos_sewer_entry_drain, serial_shops, nicolae_square_shop,
          uniq_eustachio
Sewer:    sewer_hellmonk_bad_rat

Skill      XL: |  1  2  3  4  5  6  7 |
---------------+----------------------+-----
Ranged Weapons | 3 4 6 7 8 |  8.1
Fighting       | 2 4 5 |  5.0
Armour         | |  0.7
Dodging        | |  2.2
Spellcasting   | |  1.0
Hexes          | |  2.0

Action                     |  1- 3 |  4- 6 |  7- 9 || total
---------------------------+-------+-------+-------++-------
   Fire: Sling             |   107 |   170 |    66 ||   343
    Use: Scroll            |     4 |     5 |       ||     9
         Potion            |     2 |     2 |       ||     4
 Armour: Robe              |     5 |       |       ||     5
         Leather armour    |     2 |    33 |     2 ||    37
         Ring mail         |       |       |     3 ||     3
  Dodge: Dodged            |    15 |    58 |    16 ||    89

Table legend:
 A = Non-vault XP
 B = Vault XP
 C = Vault XP percentage of total XP
 D = Non-vault monster count
 E = Vault monster count
 F = Vault count percentage of total count
                 A         B        C        D         E       F
            +---------+---------+-------+---------+---------+-------
      Total |     912 |     154 |  14.4 |      80 |      15 |  15.8
            +---------+---------+-------+---------+---------+-------
        D:1 |      22 |       4 |  15.4 |      12 |       2 |  14.3
        D:2 |      15 |       0 |   0.0 |      12 |       0 |   0.0
        D:3 |      87 |       1 |   1.1 |      25 |       1 |   3.8
        D:4 |     464 |     117 |  20.1 |      20 |       2 |   9.1
        D:5 |     324 |      14 |   4.1 |      11 |       4 |  26.7
      Sewer |       0 |      18 | 100.0 |       0 |       6 | 100.0
            +---------+---------+-------+---------+---------+-------
